AoeStats
← Mandary

Arabia

506406290Analyzed
2v2 RM · 19d ago on Sep 13, 2026· 49m 4s· 4 players
Game mode
Random Map
Map size
Medium (4 player)
Population
200
Speed
Normal
Resources
Standard
Victory
Conquest
Starting age
Dark Age
Ending age
Imperial Age
RankedLock teamsTeams togetherTeam positionsShared explorationLock speedFull tech treeHidden civsTurbo modeCheats
Victory
Defeat
🇬🇧 Japanese · United Kingdom
987
+17
🇬🇧 Franks · United Kingdom
986
+17
🇫🇷 Armenians · France
1068
-19
🇫🇷 Romans · France
963
-15
R0G3R
7:37 Loom
10:14 Feudal Age
10:45 Double-Bit Axe
16:18 Padded Archer Armor
16:47 Fletching
21:16 Castle Age
20:55 Scale Barding Armor
21:02 Forging
22:34 Chain Barding Armor
26:35 Bow Saw
27:30 Bodkin Arrow
28:31 Husbandry
31:18 Stone Mining
31:18 Gold Mining
32:56 Iron Casting
32:37 Leather Archer Armor
33:43 Gold Shaft Mining
42:08 Imperial Age
40:14 Wheelbarrow
39:25 Town Watch
42:13 Cavalier
43:17 Conscription
44:19 Elite Throwing Axeman
45:19 Paladin
Ed-dude
4:33 Loom
13:01 Feudal Age
13:11 Man-at-Arms
13:57 Double-Bit Axe
15:18 Wheelbarrow
14:52 Scale Mail Armor
15:05 Fletching
16:23 Forging
16:21 Padded Archer Armor
18:34 Gold Mining
24:00 Castle Age
24:07 Crossbowman
25:19 Bow Saw
24:51 Horse Collar
25:10 Bodkin Arrow
26:06 Heavy Plow
28:49 Ballistics
28:54 Leather Archer Armor
32:38 Gold Shaft Mining
32:57 Scale Barding Armor
33:25 Hand Cart
33:58 Thumb Ring
34:05 Light Cavalry
35:09 Chain Barding Armor
35:30 Town Watch
36:07 Forging
36:09 Bloodlines
36:02 Husbandry
38:33 Iron Casting
38:19 Squires
41:59 Imperial Age
39:41 Yasama
39:35 Guard Tower
40:14 Chain Mail Armor
40:15 Masonry
41:01 Murder Holes
41:48 Treadmill Crane
43:08 Bracer
44:05 Keep
43:16 Arrowslits
44:24 Plate Mail Armor
44:57 Conscription
45:55 Blast Furnace
46:16 Chemistry
45:37 Elite Samurai
47:53 Two-Man Saw
46:44 Arbalester
47:47 Caravan
48:46 Capped Ram
Doflamingo
12:46 Feudal Age
13:55 Man-at-Arms
16:03 Scale Mail Armor
16:24 Loom
21:17 Forging
30:05 Castle Age
33:33 Husbandry
34:55 Scale Barding Armor
39:34 Bloodlines
39:19 Gold Mining
44:09 Double-Bit Axe
44:09 Horse Collar
47:09 Wheelbarrow
Mandary
7:01 Loom
9:38 Feudal Age
12:24 Man-at-Arms
13:21 Long Swordsman
14:25 Double-Bit Axe
21:35 Scale Mail Armor
21:36 Padded Archer Armor
27:10 Castle Age
27:25 Fletching
27:46 Forging
27:26 Arson
28:08 Two-Handed Swordsman
28:33 Gambesons
28:50 Squires
28:21 Crossbowman
31:38 Elite Skirmisher
34:07 Wheelbarrow
33:18 Town Watch
33:36 Horse Collar
35:31 Champion
38:39 Pikeman
40:11 Halberdier
41:31 Bodkin Arrow
47:11 Imperial Age
44:56 Hand Cart
47:24 Iron Casting
47:04 Leather Archer Armor
47:05 Chain Mail Armor
Connection lost

Rejoining the realm…

Still unreachable

The connection could not be restored.

Session expired

The server has moved on; the page needs a fresh start.